[Event "*** Titled Tuesday Blitz"]
[Site "Chess.com"]
[Date "2020.11.03"]
[Round "9"]
[White "Nemsko"]
[Black "kreonx"]
[Result "1-0"]
[WhiteElo "2376"]
[BlackElo "2290"]
[TimeControl "180+1"]
[EndTime "11:48:53 PST"]
[Termination "Nemsko won on time"]

1. e4 c6 2. d4 d5 3. e5 c5 4. dxc5 Nc6 5. Nf3 Bg4 6. c3 e6 7. Be3 Bxf3 8. Qxf3 Nxe5 9. Bb5+ Nc6 10. O-O Nf6 11.
c4 Be7 12. Nc3 O-O 13. Rad1 Qa5 14. cxd5 Nxd5 15. Nxd5 exd5 16. Bd3 Bxc5 17. Bxh7+ Kxh7 18. Rxd5 b6 19. Rh5+ Kg8 20. Qh3 f5 21. Rh8+ Kf7 22. Qxf5+ Ke8 23. Qg6+ Kd7 24. Qxg7+ Kc8 25. Bxc5 Rxh8 26.
Bd6 b5 27. Qxh8+ Kb7 28. Qg7+ Ka6 29. Qd7 Qb6 30. Rc1 Nd4 31. Bc5 Ne2+ 32. Kf1 1-0

[Event "*** Titled Tuesday Blitz"]
[Site "Chess.com"]
[Date "2020.11.03"]
[Round "9"]
[White "Tomekas1"]
[Black "MariaFominykh"]
[Result "0-1"]
[WhiteElo "2450"]
[BlackElo "2351"]
[TimeControl "180+1"]
[EndTime "11:48:55 PST"]
[Termination "MariaFominykh won on time"]

1. e4 e6 2. d4 d5 3. Nc3 Nf6 4.
e5 Nfd7 5. f4 c5 6. Nf3 Nc6 7.
Be3 Rb8 8. Qd2 Be7 9. Be2 O-O 10.
O-O cxd4 11. Nxd4 Nc5 12. Rad1 f6 13. exf6 Rxf6 14. Bg4 e5 15. Nxc6 bxc6 16. Bxc8 Qxc8 17. fxe5 Rxf1+ 18. Rxf1 Rxb2 19. Qf2 Qf8 20. Qg3 Qe8 21. Qf2 Ne6 22. Qf5 Qg6 23. Qxg6 hxg6 24. Bxa7 Rxc2 25. Rf3 d4 26. Ne4 Rxa2 27. Bb6 c5 0-1

[Event "*** Titled Tuesday Blitz"]
[Site "Chess.com"]
[Date "2020.11.03"]
[Round "9"]
[White "UmarovSabir"]
[Black "pfalcon1949"]
[Result "1-0"]
[WhiteElo "2304"]
[BlackElo "1984"]
[TimeControl "180+1"]
[EndTime "11:48:55 PST"]
[Termination "UmarovSabir won on time"]

1. e4 c6 2. d4 d5 3. Bd3 dxe4 4. Bxe4 Nf6 5. Bf3 Nbd7 6. Ne2 Nb6 7. O-O Bf5 8. b3 e6 9. Bb2 Qc7 10. Nd2 Bd6 11.
h3 O-O 12. c4 Be7 13. Re1 Rfd8 14. Qc1 Rac8 15. Qc3 a5 16. Qxa5 Ra8 17. Qc3 Ba3 18. Ng3 Bxb2 19. Qxb2 Bg6 20. a4 Qd6 21. c5 Qxd4 22. Qxd4 Rxd4 23. Nde4 Nbd5 24. Nd6 Rb4 25. Ra3 Kf8 26. Rc1 h5 27. Rc4 h4 28. Ne2 Bd3 29.
Rxb4 Nxb4 30. Nxb7 Ba6 31. Nd6 Nd3 32. Nd4 Nxc5 33. Nxc6 Re8 34. b4 1-0

[Event "*** Titled Tuesday Blitz"]
[Site "Chess.com"]
[Date "2020.11.03"]
[Round "9"]
[White "Firouzja2003"]
[Black "kuban1991"]
[Result "1-0"]
[WhiteElo "3066"]
[BlackElo "2897"]
[TimeControl "180+1"]
[EndTime "11:48:56 PST"]
[Termination "Firouzja2003 won on time"]

1. e3 g6 2. d4 Bg7 3. c4 Nf6 4. Nf3 O-O 5. b3 d6 6. Bb2 Nbd7 7. Be2 e5 8. dxe5 Ng4 9. h3 Ngxe5 10. Nc3 Nxf3+ 11.
Bxf3 a5 12. Qd2 Nc5 13. Rd1 Re8 14. O-O Bf5 15. Nd5 c6 16. Bxg7 Kxg7 17. Qc3+ f6 18. Nf4 Qe7 19. Rfe1 Qe5 20. Rd4 g5 21. Nh5+ Kh6 22.
Qd2 Rad8 23. Rd1 Be4 24. Ng3 Bxf3 25. gxf3 Re7 26. Qc2 Red7 27. f4 gxf4 28. exf4 Qe6 29. Nf5+ Kg6 30. Kh2 Kf7 31. Rg1 Kf8 32. Nxd6 Rxd6 33.
Qxh7 Qf7 34. Qh6+ Ke7 35. Rxd6 Kxd6 36. f5 Kc7 37. Rg7 Rd7 38. Rxf7 Rxf7 39. Qe3 Nd7 40. h4 Rf8 41. Kh3 Ne5 42. Qc5 Rd8 43. Qe7+ Nd7 44.
h5 Rh8 45. Kh4 Kc8 46. Qg7 Re8 47. h6 Re1 48. h7 Rh1+ 49. Kg3 Rg1+ 50. Kh2 1-0

[Event "*** Titled Tuesday Blitz"]
[Site "Chess.com"]
[Date "2020.11.03"]
[Round "9"]
[White "djano"]
[Black "Trickov"]
[Result "1-0"]
[WhiteElo "2467"]
[BlackElo "2329"]
[TimeControl "180+1"]
[EndTime "11:48:56 PST"]
[Termination "djano won by resignation"]

1. d4 d5 2. Nf3 Nf6 3. Bf4 c6 4. e3 Bf5 5. c4 e6 6. Qb3 Qb6 7. c5 Qxb3 8. axb3 a6 9. Nc3 Nbd7 10. b4 Rc8 11. h3 h6 12. Nd2 g5 13. Bh2 Bg7 14. Nb3 e5 15. f3 exd4 16. exd4 O-O 17.
Kd2 Rfe8 18. g4 Bg6 19. Na5 b6 20. Nb7 Ra8 21. Nd6 Reb8 22. Kc1 bxc5 23. bxc5 Rb4 24. Ra4 Rab8 25. Nf5 Rxa4 26. Nxa4 Rb4 27. Ne7+ Kh7 28.
Nc3 Rxd4 29. Nxc6 Rc4 30. Bxc4 dxc4 31. Bd6 Ne8 32. Rd1 f5 33. Ne7 fxg4 34. hxg4 Bd3 35. Nf5 Bxf5 36. gxf5 Kg8 37. c6 Nb6 38. Bc5 1-0

[Event "*** Titled Tuesday Blitz"]
[Site "Chess.com"]
[Date "2020.11.03"]
[Round "9"]
[White "UB_TheQueen"]
[Black "CraiggoryC"]
[Result "0-1"]
[WhiteElo "2064"]
[BlackElo "2275"]
[TimeControl "180+1"]
[EndTime "11:48:57 PST"]
[Termination "CraiggoryC won on time"]

1. e4 e6 2. d4 d5 3. Nc3 Bb4 4. e5 c5 5. a3 Bxc3+ 6. bxc3 Ne7 7. Qg4 Qc7 8. Qxg7 Rg8 9. Qxh7 cxd4 10. Ne2 Bd7 11. f4 Nbc6 12. Qd3 dxc3 13. h4 O-O-O 14. h5 d4 15. h6 Rg6 16. h7 Rh8 17. Nxd4 Nxd4 18. Qxd4 Kb8 19. Be3 b6 20. O-O-O Bc8 21. Bd3 Nf5 22. Bxf5 exf5 23. e6 f6 24. Qd5 Rxh7 25.
Rxh7 Qxh7 26. Qxf5 Rg7 27. Qd5 Bb7 28. Qd8+ Bc8 29.
f5 Rxg2 30. Bf4+ Kb7 31. e7 Qxf5 32. Qxc8+ Qxc8 33. Rd8 Qf5 0-1

[Event "*** Titled Tuesday Blitz"]
[Site "Chess.com"]
[Date "2020.11.03"]
[Round "9"]
[White "Sibelephant"]
[Black "dropstoneDP"]
[Result "1-0"]
[WhiteElo "3088"]
[BlackElo "2909"]
[TimeControl "180+1"]
[EndTime "11:48:58 PST"]
[Termination "Sibelephant won on time"]

1. Nf3 Nf6 2. g3 d5 3. Bg2 c5 4.
O-O g6 5. b3 Nc6 6. Bb2 Bg7 7.
Ne5 Nxe5 8. Bxe5 O-O 9. e3 Bg4 10. Qc1 Qd7 11. Qb2 Bh3 12. d3 Rfd8 13. Nd2 d4 14.
Nf3 Bxg2 15. Kxg2 Nh5 16. Bxg7 Nxg7 17. Rae1 f6 18. Nd2 e5 19. e4 Rf8 20. f4 Rae8 21. b4 cxb4 22. Qxb4 exf4 23. Rxf4 f5 24. Ref1 Rc8 25.
Qb3+ Qe6 26. R4f2 Qxb3 27. Nxb3 fxe4 28. Rxf8+ Rxf8 29. Rxf8+ Kxf8 30. dxe4 Ne6 31. Kf3 Ke7 32. e5 Ng5+ 33. Kf4 Ne6+ 34. Ke4 Ng5+ 35. Kd5 Nf3 36.
h4 1-0

[Event "*** Titled Tuesday Blitz"]
[Site "Chess.com"]
[Date "2020.11.03"]
[Round "9"]
[White "MattyDPerrine"]
[Black "NikolaGry"]
[Result "1/2-1/2"]
[WhiteElo "2414"]
[BlackElo "2627"]
[TimeControl "180+1"]
[EndTime "11:48:58 PST"]
[Termination "Game drawn by repetition"]

1. e4 c5 2. Nf3 Nf6 3. e5 Nd5 4.
Nc3 e6 5. Ne4 f5 6. exf6 Nxf6 7.
Nxf6+ Qxf6 8. d4 cxd4 9. Bg5 Bb4+ 10. Ke2 Qf7 11. Qxd4 Nc6 12. Qf4 Qh5 13. c3 Bc5 14.
b4 Rf8 15. Qh4 Qxh4 16. Bxh4 Be7 17. Bxe7 Kxe7 18. Ke3 b6 19. Bd3 Rh8 20. a4 Bb7 21. a5 Rab8 22. axb6 axb6 23. Rhe1 g6 24. Nd2 Rhc8 25.
f4 d5 26. Nf3 Kd6 27. Kd2 Rf8 28. g3 Rf6 29. Re2 h6 30. h4 Ne7 31. Rae1 Rbf8 32. Nd4 Bc8 33. Nb5+ Kc6 34. Nd4+ Kd6 35.
Nb5+ Kc6 36. Nd4+ Kd6 1/2-1/2

[Event "*** Titled Tuesday Blitz"]
[Site "Chess.com"]
[Date "2020.11.03"]
[Round "9"]
[White "ShcufNaiRolf"]
[Black "Titus369"]
[Result "0-1"]
[WhiteElo "2342"]
[BlackElo "2539"]
[TimeControl "180+1"]
[EndTime "11:48:59 PST"]
[Termination "Titus369 won by resignation"]

1. e4 c5 2. Nf3 d6 3. d4 cxd4 4.
Nxd4 Nf6 5. Nc3 a6 6. h4 e5 7. Nb3 Nc6 8. Bg5 Be6 9. Qd2 Be7 10. O-O-O b5 11. Bxf6 gxf6 12. Nd5 Rc8 13. Kb1 f5 14. Nxe7 Qxe7 15. Bd3 fxe4 16. Bxe4 f5 17. Bd5 Bxd5 18. Qxd5 Nb4 19. Qd2 Nc6 20. Qxd6 Rg8 21. g3 Rg6 22. Qxe7+ Kxe7 23. Rhe1 e4 24. c3 Ne5 25. Nd4 Rf6 26.
f3 Nc4 27. fxe4 f4 28. e5 Rff8 29. g4 f3 30. Nf5+ Ke6 31. Nd4+ Ke7 32. e6 f2 33. Rf1 Ne3 34. Kc1 Nxf1 35. Rxf1 Rf4 36. g5 Rcf8 37. Kd2 Rxh4 38. Ke2 Re4+ 39. Kd2 Rg4 40.
Ke2 Rxg5 41. Rxf2 Re5+ 42. Kf1 Rxf2+ 43. Kxf2 Rh5 44. Kg2 Kd6 45. Kg1 Rd5 46. a3 Rxd4 47.
cxd4 Kxe6 48. Kg2 Kd5 0-1

[Event "*** Titled Tuesday Blitz"]
[Site "Chess.com"]
[Date "2020.11.03"]
[Round "9"]
[White "Heineccius"]
[Black "Xeniya2005"]
[Result "1-0"]
[WhiteElo "2535"]
[BlackElo "2393"]
[TimeControl "180+1"]
[EndTime "11:49:01 PST"]
[Termination "Heineccius won by resignation"]

1. d4 d5 2. c4 e6 3. Nc3 c5 4. cxd5 exd5 5. Nf3 Nf6 6. g3 Nc6 7. Bg2 Be6 8. O-O cxd4 9. Nxd4 Bc5 10. Be3 Qe7 11.
Nxc6 bxc6 12. Bxc5 Qxc5 13. Rc1 Qd6 14. Na4 O-O 15. Qd4 Nd7 16. e4 Rab8 17. a3 a5 18. Rfd1 Rfd8 19. exd5 cxd5 20. Rd2 Ne5 21. Rc5 Nc6 22.
Qc3 Ne7 23. Rxa5 d4 24. Qc5 g6 25. Qxd6 Rxd6 26. Nc5 Bf5 27. b4 Be6 28. Ne4 Rdd8 29. Ra7 Kg7 30. Rxe7 Ra8 31. Nc5 Rxa3 32. Nxe6+ 1-0

[Event "*** Titled Tuesday Blitz"]
[Site "Chess.com"]
[Date "2020.11.03"]
[Round "9"]
[White "Zkid"]
[Black "Everyfishknows"]
[Result "1-0"]
[WhiteElo "2765"]
[BlackElo "2396"]
[TimeControl "180+1"]
[EndTime "11:49:01 PST"]
[Termination "Zkid won by checkmate"]

1. e4 e5 2. Nf3 Nc6 3. Bc4 Nf6 4. d3 Be7 5. a4 O-O 6. O-O d6 7. Nbd2 Be6 8. Bxe6 fxe6 9. Re1 Qe8 10. Nf1 Nh5 11.
c3 Nf4 12. Bxf4 Rxf4 13. d4 exd4 14. cxd4 Qf7 15. Ng3 Rf8 16. Re3 h5 17. d5 Nd8 18.
dxe6 Nxe6 19. Nf5 Bf6 20. g3 Rg4 21. Qe2 Nf4 22. Qf1 Bxb2 23. Rb1 Be5 24. Nxe5 dxe5 25. Rxb7 h4 26. Rc3 Ne6 27. f3 Rg5 28. Nxh4 Nd4 29. Rcxc7 Qa2 30. Qf2 Qe6 31. Kg2 a5 32. Qe3 Rh5 33.
Rxg7+ Kh8 34. Ng6+ Qxg6 35. Rxg6 Rxf3 36. Rh6+ Rxh6 37. Qxh6+ Kg8 38. Qg7# 1-0

[Event "*** Titled Tuesday Blitz"]
[Site "Chess.com"]
[Date "2020.11.03"]
[Round "9"]
[White "HouseOfDurin"]
[Black "kot60"]
[Result "1-0"]
[WhiteElo "2200"]
[BlackElo "2360"]
[TimeControl "180+1"]
[EndTime "11:49:01 PST"]
[Termination "HouseOfDurin won by resignation"]

1. d4 Nf6 2. Bg5 g6 3. Bxf6 exf6 4. c4 f5 5. Nc3 Bg7 6. g3 O-O 7. e3 d6 8. Nge2 c5 9. Bg2 Nc6 10. O-O Qa5 11. a3 a6 12. Nd5 Qd8 13. b4 cxd4 14.
exd4 Ne7 15. Qd3 Rb8 16. a4 Be6 17. Nxe7+ Qxe7 18. Nf4 Rfc8 19. Rac1 Bd7 20. b5 axb5 21. axb5 Qd8 22. Rfd1 Bh6 23. Qf3 Bxf4 24. Qxf4 Qf6 25. Bd5 b6 26. Ra1 g5 27. Qf3 Be6 28. Ra7 Re8 29. h3 Re7 30. Rxe7 Qxe7 31. Ra1 Qf6 32. Bxe6 Qxe6 33. Ra8 Rxa8 34. Qxa8+ Kg7 35. Qc6 Qe1+ 36. Kg2 Qe4+ 37. Qxe4 fxe4 38. c5 dxc5 39. dxc5 e3 40. fxe3 bxc5 41. b6 c4 42. b7 c3 43.
b8=Q c2 44. Qc7 c1=Q 45. Qxc1 1-0

[Event "*** Titled Tuesday Blitz"]
[Site "Chess.com"]
[Date "2020.11.03"]
[Round "9"]
[White "swimmerchess"]
[Black "Jungle_Jaguar"]
[Result "1-0"]
[WhiteElo "2846"]
[BlackElo "2627"]
[TimeControl "180+1"]
[EndTime "11:49:02 PST"]
[Termination "swimmerchess won by resignation"]

1. e4 c5 2. Nf3 d6 3. d4 cxd4 4.
Nxd4 Nf6 5. Nc3 Nc6 6. Bc4 e6 7.
Be3 a6 8. Bb3 Be7 9. O-O O-O 10. f4 Qc7 11. Qf3 Bd7 12. Rae1 Rfe8 13. Kh1 Rac8 14. f5 e5 15. Ne6 fxe6 16. fxe6 Kh8 17. exd7 Qxd7 18. Nd5 Nxd5 19. Bxd5 Rf8 20. Qh5 Nd4 21. Bf7 Bf6 22. Bg6 h6 23. c3 Nc2 24. Bxh6 gxh6 25. Qxh6+ Kg8 26. Bf5 Qg7 27. Be6+ Rf7 28. Qxf6 Nxe1 29. Bxf7+ Kh8 30. Qh4+ Qh7 31. Qxe1 Rf8 32. Bd5 Rxf1+ 33. Qxf1 Kg7 34. g3 Qh5 35. Kg2 Qg4 36. Qf7+ Kh6 37. Qf6+ Kh7 38. Qf5+ Qxf5 39. exf5 Kg7 40. Kf3 1-0

[Event "*** Titled Tuesday Blitz"]
[Site "Chess.com"]
[Date "2020.11.03"]
[Round "9"]
[White "vovachesss"]
[Black "Sokoloco"]
[Result "1-0"]
[WhiteElo "2664"]
[BlackElo "2446"]
[TimeControl "180+1"]
[EndTime "11:49:02 PST"]
[Termination "vovachesss won by resignation"]

1. e4 g6 2. h4 h5 3. d4 Bg7 4.
Nc3 d6 5. Nf3 a6 6. a4 b6 7. Bc4 Nf6 8. Qe2 e6 9. Bg5 Qd7 10. e5 Ng4 11. exd6 cxd6 12. Nd5 Qc6 13. O-O Bb7 14. b4 Nd7 15. b5 axb5 16. axb5 Qc8 17. Ne7 Qb8 18. Nc6 Bxc6 19. bxc6 Nf8 20. c7 Qc8 21.
Bb5+ Nd7 22. Rxa8 Qxa8 23. Qc4 Qc8 24. Qc6 Nf6 25. Bxf6 Bxf6 26. Ra1 Ke7 27. Ra7 e5 28. Ba6 Qxa6 29. Rxa6 exd4 30. c8=Q Rxc8 31. Qxc8 1-0

[Event "*** Titled Tuesday Blitz"]
[Site "Chess.com"]
[Date "2020.11.03"]
[Round "9"]
[White "anpospan"]
[Black "AsaHoffmann"]
[Result "1-0"]
[WhiteElo "2389"]
[BlackElo "2290"]
[TimeControl "180+1"]
[EndTime "11:49:03 PST"]
[Termination "anpospan won by resignation"]

1. Nf3 d6 2. b3 e5 3. e4 f5 4. Nc3 Nf6 5. exf5 Bxf5 6. Bb2 Be7 7. Bc4 d5 8. Be2 Nbd7 9. O-O d4 10. Nb5 c6 11. Na3 b5 12. Re1 O-O 13. Nxb5 cxb5 14.
Bxb5 Bd6 15. Bc4+ Kh8 16. Ng5 Rc8 17. Nf7+ Rxf7 18. Bxf7 Rxc2 19. Qf3 Bg4 20. Qb7 Rxb2 21. Qxa7 Rxd2 22. Rac1 d3 23. Qa6 Bc5 24. Rf1 Be2 25. b4 Bd4 26. Rc8 Bb6 27. Rxd8+ Bxd8 28. Qc8 g6 29.
Qxd8+ Kg7 30. Qe7 Bxf1 31. Be6+ Kh6 32. Bxd7 Rd1 33. Qf8+ Kg5 34. h4+ Kxh4 35. Qxf6+ Kh5 36. g4+ Kh6 37. g5+ Kh5 38. Qf3+ Kh4 39. Qxd1 Be2 40. Qd2 e4 41. b5 1-0

[Event "*** Titled Tuesday Blitz"]
[Site "Chess.com"]
[Date "2020.11.03"]
[Round "9"]
[White "ClydeHillKid"]
[Black "rugbyclub"]
[Result "1-0"]
[WhiteElo "2358"]
[BlackElo "2210"]
[TimeControl "180+1"]
[EndTime "11:49:04 PST"]
[Termination "ClydeHillKid won by checkmate"]

1. e4 c5 2. Nf3 e6 3. d3 Nc6 4. g3 g6 5. Bg2 Bg7 6. O-O d6 7. c3 e5 8. Be3 f5 9. Nfd2 Nge7 10. a4 O-O 11. Nc4 f4 12. Bd2 g5 13. Nba3 Be6 14.
Rb1 Qd7 15. b4 b6 16. b5 Nd8 17. a5 Bh3 18. axb6 Bxg2 19. Kxg2 f3+ 20. Kh1 Qh3 21. Rg1 Ne6 22. Nxd6 axb6 23. Nac4 Rf6 24. Qf1 Qh5 25.
Nxb6 Ra2 26. Be3 Rh6 27. h4 gxh4 28. g4 Qg6 29. Bxh6 Qxh6 30. Nf5 Nxf5 31. gxf5 Nf4 32.
Nd5 h3 33. Nxf4 Qxf4 34. Rg3 h2 35. Kxh2 Qh4+ 36. Kg1 Kf7 37. b6 Bh6 38. b7 Bf4 39. b8=Q Bxg3 40. Rb7+ Kf6 41. Qf8+ Kg5 42. Qg7+ Kf4 43.
Qxg3+ Qxg3+ 44. fxg3+ Kxg3 45. Rg7+ Kf4 46. f6 Rg2+ 47.
Rxg2 Ke3 48. f7 c4 49. f8=Q cxd3 50. Q8xf3# 1-0

[Event "*** Titled Tuesday Blitz"]
[Site "Chess.com"]
[Date "2020.11.03"]
[Round "9"]
[White "Alexsur1981"]
[Black "PSvidler"]
[Result "1-0"]
[WhiteElo "2805"]
[BlackElo "2880"]
[TimeControl "180+1"]
[EndTime "11:49:05 PST"]
[Termination "Alexsur1981 won by resignation"]

1. e4 g6 2. d4 Bg7 3. c4 d6 4.
Nc3 Nc6 5. Nge2 e5 6. d5 Nce7 7. Be3 f5 8. f3 Bh6 9. Bxh6 Nxh6 10. Qd2 Nf7 11. h4 O-O 12. O-O-O h6 13. g3 Kg7 14. Kb1 c5 15. Nc1 Ng8 16. Bd3 Nf6 17. N1e2 fxe4 18. Nxe4 Bf5 19. N2c3 Qe7 20. g4 Bxe4 21.
Nxe4 Nxe4 22. Bxe4 Nh8 23. h5 g5 24. Qe3 Rf4 25. Rd3 Raf8 26. Ra3 b6 27. Re1 Nf7 28. Qb3 Nd8 29. Qa4 R8f7 30. Ree3 Qb7 31. Qe8 Qd7 32. Qxd7 Rxd7 33. Ra6 Rff7 34. Bf5 Rc7 35. Rea3 Rfe7 36. Kc2 e4 37. fxe4 Nf7 38. Kc3 Kf6 39. Rb3 Ke5 40.
a4 Kf4 41. a5 bxa5 42. Rxa5 Ne5 43. Ra6 Nxg4 44. Rxd6 Ne3 45. Rxh6 Nxf5 46. exf5 Re2 47. Re6 Rh2 48. f6 g4 49. Rb8 g3 50. Re7 g2 51. Rg8 Rh3+ 52. Kc2 Rg3 53. Rxg3 Kxg3 54. Rxc7 1-0

[Event "*** Titled Tuesday Blitz"]
[Site "Chess.com"]
[Date "2020.11.03"]
[Round "9"]
[White "BegmuratovKh2010"]
[Black "sopo-tereladze"]
[Result "1-0"]
[WhiteElo "2465"]
[BlackElo "2318"]
[TimeControl "180+1"]
[EndTime "11:49:05 PST"]
[Termination "BegmuratovKh2010 won by resignation"]

1. d4 Nf6 2. c4 e6 3. Nf3 d5 4. e3 Be7 5. Nc3 O-O 6. Qc2 b6 7. Bd3 Bb7 8. e4 dxe4 9. Nxe4 Nxe4 10. Bxe4 Bxe4 11. Qxe4 Nd7 12. O-O Nf6 13. Qe2 c5 14. dxc5 Bxc5 15. Bf4 h6 16. Rad1 Qe7 17. a3 Rfd8 18.
Ne5 Rxd1 19. Qxd1 Rd8 20. Nc6 Rxd1 21. Nxe7+ Bxe7 22. Rxd1 Kf8 23. Bb8 a5 24. Bc7 Bc5 25. Bd6+ Ke8 26. Bxc5 bxc5 27. Rd6 Ne4 28. Ra6 Nd2 29.
Rxa5 Nxc4 30. Rxc5 Nxb2 31. Kf1 Kd7 32. Ke2 Kd6 33.
Rc8 Na4 34. Kd3 Nc5+ 35. Kc4 Ne4 36. f3 Nd2+ 37. Kc3 Nf1 38. a4 Ne3 39. a5 Nd5+ 40. Kc4 Kd7 41. Rb8 Kc6 42. a6 Nb6+ 43. Kb4 Nd5+ 44.
Ka5 Kc7 45. a7 Ne7 46. a8=Q Nc6+ 47. Kb5 Nxb8 48. Qa7+ 1-0

[Event "*** Titled Tuesday Blitz"]
[Site "Chess.com"]
[Date "2020.11.03"]
[Round "9"]
[White "monalize"]
[Black "Bodnar_Mykola"]
[Result "1-0"]
[WhiteElo "2291"]
[BlackElo "2393"]
[TimeControl "180+1"]
[EndTime "11:49:08 PST"]
[Termination "monalize won by resignation"]

1. e4 c5 2. Nf3 d6 3. d4 cxd4 4. Qxd4 Nc6 5. Qe3 Nf6 6. h3 g6 7. Be2 Bg7 8. O-O O-O 9. Rd1 Qc7 10. c4 b6 11. Nc3 Bb7 12. Rb1 Rac8 13. b3 Rfe8 14.
Bb2 Qb8 15. Rd2 Rcd8 16. Rbd1 Nb4 17. a3 Nc6 18. b4 Rc8 19. Nd5 Nd7 20. Bxg7 Kxg7 21.
Qf4 Nce5 22. Ne3 Nxf3+ 23. Bxf3 Ne5 24. Be2 Qa8 25. f3 a6 26. h4 Red8 27. h5 b5 28. c5 f6 29. cxd6 exd6 30. Rxd6 Rxd6 31. Rxd6 Rf8 32. h6+ Kg8 33. Rxf6 Nf7 34. Ng4 Qd8 35. e5 Bd5 36. e6 Qb6+ 37. Kh2 Bxe6 38. Bd3 Re8 39.
Be4 Qd8 40. Nf2 Qd7 41. Nh3 Qe7 42. Ng5 Nxg5 43. Qxg5 Qd6+ 44. f4 Bf7 45. Rxd6 1-0

[Event "*** Titled Tuesday Blitz"]
[Site "Chess.com"]
[Date "2020.11.03"]
[Round "9"]
[White "jonaszmb"]
[Black "doons21"]
[Result "0-1"]
[WhiteElo "2415"]
[BlackElo "2590"]
[TimeControl "180+1"]
[EndTime "11:49:09 PST"]
[Termination "doons21 won on time"]

1. Nf3 Nf6 2. g3 g6 3. Bg2 Bg7 4. O-O O-O 5. c4 d6 6. Nc3 c6 7.
b3 e5 8. Bb2 Re8 9. d3 d5 10. e4 dxe4 11. Nxe4 Nxe4 12. dxe4 Qxd1 13. Rfxd1 Bg4 14. c5 Na6 15. Rac1 Bxf3 16. Bxf3 Rad8 17. a3 Nc7 18. Bg4 Nb5 19. Rxd8 Rxd8 20. Rd1 Nd4 21.
b4 h5 22. Rxd4 exd4 23. Bd1 Re8 24. f3 a5 25. Kf2 axb4 26. axb4 d3 27. Bxg7 Kxg7 28.
Ke3 Ra8 29. Kxd3 Ra2 30. h4 Rg2 31. g4 Rh2 32. gxh5 gxh5 33. b5 Ra2 34. bxc6 bxc6 35. Bb3 Ra5 36. Kd4 Kf6 37. e5+ Ke7 38. f4 Ra1 39. f5 f6 40. exf6+ Kxf6 41. Be6 Rd1+ 42. Kc3 Rh1 43. Bd7 Rxh4 44. Bxc6 Kxf5 45. Kd3 Ke5 46. Bd7 Rd4+ 0-1

[Event "*** Titled Tuesday Blitz"]
[Site "Chess.com"]
[Date "2020.11.03"]
[Round "9"]
[White "Region_07"]
[Black "queen_iryna"]
[Result "1-0"]
[WhiteElo "2458"]
[BlackElo "2282"]
[TimeControl "180+1"]
[EndTime "11:49:09 PST"]
[Termination "Region_07 won by checkmate"]

1. d4 d6 2. e4 Nf6 3. Nc3 e5 4. Nf3 Nbd7 5. g3 Be7 6. Bg2 O-O 7. O-O c6 8. h3 b5 9. a3 Bb7 10. Be3 a6 11. Re1 Re8 12. Qd2 Bf8 13. Rad1 Qc7 14. Nh4 exd4 15. Bxd4 c5 16. Bxf6 Nxf6 17. Nf5 Rad8 18.
Qf4 b4 19. Nd5 Bxd5 20. exd5 bxa3 21. bxa3 Rxe1+ 22. Rxe1 Qa5 23. Re3 Qb6 24. Qg5 Kh8 25.
Nh6 Rd7 26. Nf5 Qb1+ 27. Kh2 Qxc2 28. Re1 Qb3 29. g4 Qb8 30. Qf4 Qd8 31. Bf3 g6 32. Ne3 Bg7 33. Nc4 Ne8 34. g5 Re7 35. Rb1 Be5 36. Nxe5 Rxe5 37. Qxf7 Rxg5 38. Qf8# 1-0

[Event "*** Titled Tuesday Blitz"]
[Site "Chess.com"]
[Date "2020.11.03"]
[Round "9"]
[White "MaxLeto"]
[Black "AntonovaNadezhda"]
[Result "1-0"]
[WhiteElo "2354"]
[BlackElo "2130"]
[TimeControl "180+1"]
[EndTime "11:49:09 PST"]
[Termination "MaxLeto won by checkmate"]

1. g4 d5 2. Bg2 c6 3. g5 g6 4. d4 Bg7 5. h4 h5 6. c3 Nd7 7. Bf4 e5 8. dxe5 Nxe5 9. Nd2 Ne7 10. Ngf3 Nd7 11. Qc2 O-O 12. O-O-O Nc5 13. Nd4 Bf5 14.
Nxf5 Nxf5 15. e4 Ne7 16. Rhe1 Ne6 17. Bg3 d4 18. Nb3 c5 19. f4 c4 20. Nxd4 Nxd4 21.
cxd4 Qa5 22. Kb1 Nc6 23. d5 Nb4 24. Qxc4 Rac8 25. Qb3 Rc2 26. e5 Rxg2 27. a3 Nc2 28. Re4 Rc8 29. d6 Bf8 30. Ra4 Qc5 31. Rxa7 Qxa7 32.
f5 gxf5 33. g6 b5 34. d7 Rc7 35. Qxf7+ Kh8 36. Qh7# 1-0

[Event "*** Titled Tuesday Blitz"]
[Site "Chess.com"]
[Date "2020.11.03"]
[Round "9"]
[White "vladgoncharov"]
[Black "DinaBelenkaya"]
[Result "1-0"]
[WhiteElo "2463"]
[BlackElo "2338"]
[TimeControl "180+1"]
[EndTime "11:49:11 PST"]
[Termination "vladgoncharov won on time"]

1. d4 d5 2. c4 dxc4 3. Nf3 Nf6 4. e3 a6 5. Bxc4 e6 6. Bb3 b5 7. a4 b4 8. O-O Bb7 9. Nbd2 Nbd7 10. Qe2 c5 11. a5 Qb8 12. h3 Bd6 13. Nc4 Bc7 14.
Bc2 O-O 15. b3 Nd5 16. Bb2 f5 17. Rfd1 Bc6 18. Nfe5 Nxe5 19. dxe5 Nc3 20. Bxc3 bxc3 21. f4 Rd8 22. g4 g6 23. h4 Kh8 24. h5 Rg8 25. g5 Qb7 26. Kf2 Be4 27. Bxe4 Qxe4 28.
hxg6 Rxg6 29. Rac1 Rg7 30. Qf3 Rf8 31. Rxc3 h6 32. Rh1 Kg8 33. Qxe4 fxe4 34. Rxh6 Rxg5 35. Rxe6 Rg4 36. Nd6 Bd8 37. Nxe4 Bh4+ 38. Kf3 Rg1 39. Nf6+ 1-0

[Event "*** Titled Tuesday Blitz"]
[Site "Chess.com"]
[Date "2020.11.03"]
[Round "9"]
[White "Lysiak_Poltorak"]
[Black "emiliochess"]
[Result "1-0"]
[WhiteElo "2366"]
[BlackElo "2237"]
[TimeControl "180+1"]
[EndTime "11:49:11 PST"]
[Termination "Lysiak_Poltorak won on time"]

1. d4 d5 2. c4 c6 3. Nc3 Nf6 4. Nf3 e6 5. Bg5 Qb6 6. Qb3 Nbd7 7. e3 Bb4 8. Bd3 O-O 9. O-O h6 10. Bh4 Bxc3 11. Qxc3 dxc4 12. Bxc4 c5 13. Rac1 a6 14.
Rfd1 cxd4 15. Nxd4 Ne4 16. Qc2 Nef6 17. e4 Qa5 18. Bg3 b5 19. Bb3 Bb7 20. Nc6 Bxc6 21. Qxc6 Rac8 22. Qxc8 Rxc8 23. Rxc8+ Kh7 24. a3 b4 25. Bc2 g6 26. Bd6 bxa3 27. Bxa3 h5 28. Bb1 Ng4 29. h3 Nge5 30. f4 Qb6+ 31. Kh1 Qb3 32.
Bc2 Qb7 33. Rd8 Qc7 34. fxe5 Nb6 35. R8d2 1-0

[Event "*** Titled Tuesday Blitz"]
[Site "Chess.com"]
[Date "2020.11.03"]
[Round "9"]
[White "Anna_ChessMate"]
[Black "AndrewMaco"]
[Result "0-1"]
[WhiteElo "2535"]
[BlackElo "2678"]
[TimeControl "180+1"]
[EndTime "11:49:12 PST"]
[Termination "AndrewMaco won by resignation"]

1. d4 Nf6 2. c4 e6 3. Nf3 d5 4. Nc3 Bb4 5. Bg5 dxc4 6. e4 h6 7. Bxf6 Qxf6 8. Bxc4 c5 9. e5 Qd8 10. O-O O-O 11. d5 Bxc3 12. bxc3 exd5 13. Bxd5 Nc6 14.
Bxc6 bxc6 15. Qa4 Qc7 16. h3 Be6 17. Rfe1 Rfd8 18. Nh2 Rd3 19. Rac1 Rad8 20. Nf1 Qb6 21. f4 g6 22. Kh2 h5 23. Re2 Qb5 24. Qxb5 cxb5 25.
Ne3 h4 26. Rcc2 Kf8 27. Kg1 Ke7 28. Kf2 a5 29. Rb2 b4 30. cxb4 cxb4 31. Rbc2 R8d4 32. Kf3 Ra3 33. Rc7+ Kd8 34. Ra7 Bxa2 35. Kg4 Be6+ 36. Kg5 Kc8 37. Ng4 Kb8 38. Re7 b3 39. Nf6 Ra2 40. Re3 b2 41. Re8+ Ka7 42. Re7+ Ka6 43.
Rc3 b1=Q 44. Rc6+ Qb6 45. Rxb6+ Kxb6 46. Kxh4 Rxg2 0-1

[Event "*** Titled Tuesday Blitz"]
[Site "Chess.com"]
[Date "2020.11.03"]
[Round "9"]
[White "Flopezin"]
[Black "UCantHandleDenker"]
[Result "1-0"]
[WhiteElo "2391"]
[BlackElo "2482"]
[TimeControl "180+1"]
[EndTime "11:49:13 PST"]
[Termination "Flopezin won by resignation"]

1. c4 Nf6 2. Nc3 g6 3. e4 d6 4. d4 Bg7 5. Be2 O-O 6. Nf3 e5 7. d5 a5 8. Bg5 h6 9. Be3 Na6 10. Nd2 Nh7 11. O-O Bd7 12. a3 f5 13. exf5 gxf5 14. f4 e4 15. Rb1 Nc5 16. Nb3 Nxb3 17. Qxb3 a4 18. Qd1 Qe7 19. Qd2 Kh8 20. Kh1 Rg8 21.
g3 Nf6 22. Bd4 Kh7 23. Nd1 b6 24. Ne3 Raf8 25. b4 axb3 26. Rxb3 Ne8 27. Ra1 Bxd4 28. Qxd4 Nf6 29. a4 h5 30. a5 bxa5 31. Rxa5 h4 32. Nf1 Rg6 33. Ra7 Ne8 34. Bh5 Rfg8 35. Bxg6+ Rxg6 36.
Qd1 Kh6 37. Qd4 Qf7 38. Qh8+ Qh7 39. Qxh7+ Kxh7 40. Kg2 hxg3 41. hxg3 Kg7 42. Ne3 Kf6 43. Rb8 Ke7 44. Raa8 Rf6 45. Nc2 Rf8 46. Nd4 Rf7 47. Kf2 Rh7 48. Nxf5+ Bxf5 49. Rxe8+ Kf7 50. Rf8+ Kg6 51.
Rg8+ Kh6 52. Raf8 Bg6 53. Rf6 1-0